 Dungeon Crawl Stone Soup version 0.21.1-1-g345015f (webtiles) character file.

84 wolf the Chiller (level 4, -1/39 HPs)
             Began as a Naga Ice Elementalist on Mar 9, 2018.
             Slain by Grinder (3 damage)
             ... on level 3 of the Dungeon.
             The game lasted 00:13:01 (2903 turns).

wolf the Chiller (Naga Ice Elementalist)            Turns: 2903, Time: 00:13:02

Health: -1/39      AC:  2    Str: 11    XL:     4   Next: 45%
Magic:  5/7        EV: 10    Int: 16    God:
Gold:   115        SH:  0    Dex: 11    Spells: 4/7 levels left

rFire    . . .     SeeInvis +   i - +0 dagger
rCold    . . .     Gourm    .   (no shield)
rNeg     . . .     Faith    .   a - +0 robe
rPois    +         Spirit   .   (no helmet)
rElec    .         Reflect  .   (no cloak)
rCorr    .         Harm     .   (no gloves)
MR       .....                  (no barding)
Stlth    +++.......             (no amulet)
HPRegen  0.13/turn              r - ring of stealth
MPRegen  0.10/turn              (no ring)

@: very slightly contaminated, very slow
A: large, see invisible, deformed body, poison resistance, slowness 2, slow
metabolism 1, spit poison 1, AC +1
a: Spit Poison


You were on level 3 of the Dungeon.
You were hungry.

You visited 1 branch of the dungeon, and saw 3 of its levels.

You collected 115 gold pieces.

Inventory:

Hand Weapons
 i - a +0 dagger (weapon)
Missiles
 f - 17 poisoned needles
Armour
 a - a +0 robe (worn)
Jewellery
 r - a ring of stealth (left hand)
Scrolls
 j - a scroll of fog {unknown}
Potions
 d - 3 potions of mutation {unknown}
 e - a potion of degeneration {unknown}
 g - a potion of curing {unknown}
 h - a potion of haste {unknown}
 k - a potion of brilliance {unknown}
 o - 2 potions of invisibility {unknown}
Books
 b - a book of Frost

   Spells                             Type                      Level
   a - Freeze                         Ice                          1
   b - Throw Frost                    Conjuration/Ice              2
   c - Ozocubu's Armour               Charms/Ice                   3
   d - Throw Icicle                   Conjuration/Ice              4
   e - Summon Ice Beast               Ice/Summoning                4
Comestibles
 c - 3 rations


   Skills:
 + Level 2.0 Fighting
 - Level 1.5 Dodging
 - Level 3.0 Stealth
 - Level 2.0 Spellcasting
 - Level 1.0 Conjurations
 * Level 4.5 Ice Magic


You had 4 spell levels left.
You knew the following spells:

 Your Spells              Type           Power        Failure   Level  Hunger
a - Freeze                Ice            ###.         3%          1    #......
b - Throw Frost           Conj/Ice       ##....       10%         2    ###....


Dungeon Overview and Level Annotations

Branches:
Dungeon (3/15)

Altars:
Yredelemnul

Annotations:
D:3 Grinder


Innate Abilities, Weirdness & Mutations

You cannot wear boots.
Your serpentine skin is tough. (AC +1)
You have supernaturally acute eyesight. (SInv)
Armour fits poorly on your strangely shaped body.
Your system is resistant to poisons. (rPois)
You cover ground very slowly.
You have a slow metabolism.
You can spit poison.


Message History

You hit Grinder but do no damage. Grinder gestures at you.
You suddenly lose the ability to move!
Grinder gestures at you. You resist with significant effort. Grinder hits you!
You writhe in agony.
Grinder blinks!
You have got your breath back.
Grinder gestures at you. You resist with significant effort.
You can move again.
Grinder hits you.
* * * LOW HITPOINT WARNING * * *
You writhe in agony.
* * * LOW HITPOINT WARNING * * *
Grinder closely misses you. Grinder hits you!
* * * LOW HITPOINT WARNING * * *
You writhe in agony.
You die...

#............######....#
####...................(..#
..(.....(.................
##..................). ##
#............#####5#####..##
#............# #.).........#
#............# #.#<######..#
#............###.###..5..#
#...........5@<#.....###.#
#............######### #.#
#.#########..# #†# #. #..#
######.# # #..# #.w....#
#..# #.###### #..# #.# #..
#)# ######.#


You could see Grinder.

Vanquished Creatures
  Ijyb (D:3)
  2 adders (D:2)
  A dart slug (D:1)
  An orc (D:3)
  10 bats
  3 goblins
  4 hobgoblins
  2 quokkas (D:2)
  3 frilled lizards
  5 kobolds
  7 rats
39 creatures vanquished.

Notes
Turn   | Place    | Note
-------+----------+-------------------------------------------
     0 | D:1      | wolf the Naga Ice Elementalist began the quest for the Orb.
     0 | D:1      | Reached XP level 1. HP: 15/15 MP: 3/3
   535 | D:1      | Reached XP level 2. HP: 24/24 MP: 5/5
   747 | D:1      | Learned a level 2 spell: Throw Frost
   771 | D:1      | Reached skill level 1 in Fighting
  1728 | D:2      | Reached XP level 3. HP: 22/31 MP: 0/6
  1883 | D:2      | Found a basalt altar of Yredelemnul.
  1908 | D:2      | Reached skill level 4 in Ice Magic
  2544 | D:3      | Noticed Ijyb
  2563 | D:3      | Killed Ijyb
  2563 | D:3      | Reached XP level 4. HP: 32/39 MP: 2/7
  2695 | D:3      | Noticed Grinder
  2880 | D:3      | Paralysed by Grinder for 7 turns
  2893 | D:3      | Paralysed by Grinder for 7 turns
  2903 | D:3      | Slain by Grinder

Skill      XL: |  1  2  3 |
---------------+----------+-----
Fighting       | 1 2 |  2.0
Ice Magic      | 4 |  4.5
Dodging        | |  1.5
Stealth        | |  3.0
Spellcasting   | |  2.0
Conjurations   | |  1.0

Action                   |  1- 3 |  4- 6 || total
-------------------------+-------+-------++-------
Melee: Unarmed           |     3 |     1 ||     4
       Dagger            |    63 |     2 ||    65
 Cast: Freeze            |    19 |     3 ||    22
       Throw Frost       |    25 |     6 ||    31
 Abil: Spit Poison       |     9 |     5 ||    14
  Use: Scroll            |       |     6 ||     6
  Eat: Chunk             |     5 |     2 ||     7
Armor: Robe              |    26 |       ||    26
Dodge: Dodged            |    69 |     7 ||    76
